cohdb
Replays
Latest Replays
All Replays
Popular Replays
Top Player Replays
Match Explorer
How It Works
Community
CoH3 Stats
Reddit
Sign in to upload your games and track your stats! →
Sign in with Steam
Match 42175423
Unlisted
Match 42175423
Overview
Messages
Build Orders
End
Royal Engineer Section
Construct Section Command Post
Selects Canadian Shock Battlegroup
Infantry Section
Infantry Section
ML 3-inch Mortar Team
Selects Attacking Spirit
Selects Canadian Shock Section
Construct Platoon Command Post
Selects Incendiary Munitions
Grenade Package
Infantry Section
Humber Armored Car
Selects Pyrotechnics
Canadian Shock Section
Construct Field Infirmary
Infantry Training
Bootyquake
Nebelwaffles
0
0
Comments
sign in to comment!
No comments posted yet!